 Seeded DCSS version 0.28-a0-1567-g1695149f81 (webtiles) character file.

Game seed: 335 (custom seed)

191 knot the Chopper (level 5, 51/61 HPs)
             Began as a Demonspawn Berserker on Jan 19, 2022.
             Was a Follower of Trog.
             Quit the game on level 2 of the Dungeon.
             The game lasted 00:01:19 (1357 turns).

knot the Chopper (Demonspawn Berserker)             Turns: 1357, Time: 00:01:19

Health: 51/61      AC:  5    Str: 18    XL:     5   Next: 41%
Magic:  5/5        EV: 11    Int: 10    God:    Trog [*.....]
Gold:   69         SH:  0    Dex: 12    Spells: 4/4 levels left

rFire   . . .      SeeInvis .   a - +0 hand axe
rCold   . . .      Faith    .   (no shield)
rNeg    . . .      Spirit   .   c - +0 ring mail
rPois   .          Reflect  .   (no helmet)
rElec   .          Harm     .   (no cloak)
rCorr   .          Rampage  .   (no gloves)
Will    .....                   (no boots)
Stlth   ..........              (no amulet)
HPRegen 0.20/turn               (no ring)
MPRegen 0.18/turn               (no ring)

@: berserking (expiring), very quick
A: hooves 1, demonic guardian 1, magic regeneration
a: Renounce Religion, Berserk


You were on level 2 of the Dungeon.
You worshipped Trog.
Trog was aware of your devotion.
You visited 1 branch of the dungeon, and saw 2 of its levels.

You collected 69 gold pieces.

Inventory:

Hand Weapons
 a - a +0 hand axe (weapon)
Missiles
 e - 29 stones (quivered)
Armour
 b - a +0 animal skin
 c - a +0 ring mail (worn)
Scrolls
 d - a scroll of silence {unknown}
 g - 2 scrolls of teleportation {unknown}
Potions
 f - a potion of degeneration {unknown}


   Skills:
 - Level 3.0 Fighting
 + Level 5.6 Axes
 - Level 1.7 Armour
 - Level 1.7 Dodging


You had 4 spell levels left.
You didn't know any spells.
Your spell library was empty.

Dungeon Overview and Level Annotations

Branches:
Dungeon (2/15)

Altars:


Innate Abilities, Weirdness & Mutations

You have large cloven feet.
A weak demonic guardian rushes to your aid.
You regenerate magic rapidly.


Message History

You hit the kobold. The kobold barely misses you.
You have reached level 3!
Your experience leads to an increase in your attributes!
Increase (S)trength, (I)ntelligence, or (D)exterity?
You feel clever. x2
A red film seems to cover your vision as you go berserk!
You feel yourself moving faster!
You feel mighty! The kobold hits you but does no damage.
You feel a strong urge to attack something.
Things that are here:
a +0 dagger; a stone; a ball python corpse You slash Sigmund!
Your kick misses Sigmund.
Sigmund is heavily wounded.
You closely miss the kobold. Sigmund hits you with a +0 scythe.
The kobold hits you with a +0 whip.
You slash Sigmund! You kick Sigmund!
Sigmund is almost dead.
You hit the kobold.
You kill the kobold!
Trog accepts your kill.
You hit Sigmund. Your kick misses Sigmund.
Sigmund is almost dead.
Sigmund casts a spell at you. The puff of flame misses you.
You closely miss Sigmund. Your kick misses Sigmund.
Sigmund is almost dead.
Sigmund hits you but does no damage.
You slash Sigmund!
You kill Sigmund!
Trog accepts your kill.
Trog appreciates your killing of a magic user.
Your Axes skill gained 2 levels and is now at level 5!
You have reached level 4!
You feel stronger.
Your demonic ancestry asserts itself...
You feel the presence of a demonic guardian.
You have reached level 5!
Your demonic ancestry asserts itself...
Your magic begins to regenerate rapidly.
Unknown command.
Are you sure you want to abandon this character and quit the game? (Confirm with "yes".)

.. #### ##. .... .. .....
#.### ... # # #..<#... ..#
#.#...#.# ... #.....).# ...
###.#@######### ...
#....)......... ...
############..##############
.............................
.#...........................#
#.#........8.......8........#.
#.#.................).....#.#
#.#.....8.........8.....#.##
#.#...................#.##


There were no monsters in sight!

Vanquished Creatures
  Sigmund (D:2)
  A dart slug (D:1)
  3 endoplasms (D:1)
  2 giant cockroaches (D:1)
  4 goblins
  2 hobgoblins (D:1)
  2 ball pythons
  2 bats (D:1)
  2 frilled lizards (D:1)
  6 kobolds
  2 rats
27 creatures vanquished.

Notes
Turn   | Place    | Note
-------+----------+-------------------------------------------
     0 | D:1      | knot the Demonspawn Berserker began the quest for the Orb.
     0 | D:1      | Reached XP level 1. HP: 18/18 MP: 1/1
   191 | D:1      | Reached skill level 3 in Axes
   233 | D:1      | Gained mutation: You have large cloven feet. [demonic
                  | ancestry]
   233 | D:1      | Reached XP level 2. HP: 20/24 MP: 2/2
   931 | D:1      | Found a faded altar of an unknown god.
  1339 | D:2      | Noticed Sigmund
  1350 | D:2      | Reached XP level 3. HP: 28/29 MP: 3/3
  1356 | D:2      | Killed Sigmund
  1357 | D:2      | Reached skill level 5 in Axes
  1357 | D:2      | Gained mutation: A weak demonic guardian rushes to your
                  | aid. [demonic ancestry]
  1357 | D:2      | Reached XP level 4. HP: 35/35 MP: 4/4
  1357 | D:2      | Gained mutation: You regenerate magic rapidly. [demonic
                  | ancestry]
  1357 | D:2      | Reached XP level 5. HP: 41/41 MP: 5/5
  1357 | D:2      | Quit the game

Illustrated notes

Levels and vault maps discovered:
D:1:      sevenhm_arrival_forest_fort_small_5, layout_loops_corners,
          shapermc_ecumenical_altar_mp_vishouse, grunt_decor_cap,
          minmay_misc_feat_secret_circle
D:2:      wad_pebble_path, layout_basic, minmay_misc_feat_square,
          kennysheep_nondescript, supply_closet_lemuel, uniq_sigmund

Skill      XL: |  1  2  3 |
---------------+----------+-----
Axes           | 3 5 |  5.6
Fighting       | |  3.0
Armour         | |  1.7
Dodging        | |  1.7

Action                   |  1- 3 |  4- 6 || total
-------------------------+-------+-------++-------
Melee: Hand axe          |    69 |       ||    69
       Kick              |     8 |       ||     8
Invok: Berserk           |     2 |       ||     2
Armor: Ring mail         |    28 |       ||    28
       Animal skin       |     4 |       ||     4
Dodge: Dodged            |    45 |       ||    45

Table legend: (Time is in decaauts)
 A = Elapsed time spent in this place.
 B = Non-inter-level travel time spent in this place.
 C = Inter-level travel time spent in this place.
 D = Time resting spent in this place.
 E = Time spent auto-exploring this place.
 F = Levels seen in this place.
 G = Mean time per level.
                   A        B        C        D        E       F      G
               +--------+--------+--------+--------+--------+-----+--------+
         Total |   1379 |   1352 |     27 |    150 |   1017 |   2 |  689.5 |
       Dungeon |   1379 |   1352 |     27 |    150 |   1017 |   2 |  689.5 |
               +--------+--------+--------+--------+--------+-----+--------+

Top non-repeatable levels by time:
     D:1: 1201 daAuts
     D:2: 177 daAuts
